 Dungeon Crawl Stone Soup version 0.31-a0-196-g86fe4a5e66 (webtiles) character file.

Game seed: 308466748599841055

43 qw the Shooter (level 3, -2/20 HPs)
             Began as a Deep Elf Hunter on June 24, 2023.
             Slain by a gnoll
             ... wielding a +0 club
              (3 damage)
             ... on level 2 of the Dungeon.
             The game lasted 00:00:21 (750 turns).

qw the Shooter (Deep Elf Hunter)                     Turns: 750, Time: 00:00:21

Health: -2/20      AC:  3    Str: 10    XL:     3   Next: 37%
Magic:  5/5        EV: 12    Int: 13    God:
Gold:   53         SH:  0    Dex: 18    Spells: 2/2 levels left

rFire   . . .        Y - +0 shortbow
rCold   . . .        (shield currently unavailable)
rNeg    . . .        c - +0 leather armour
rPois   .            (no helmet)
rElec   .            (no cloak)
rCorr   .            (no gloves)
SInv    .            (no boots)
Will    .....        (no amulet)
Stlth   ++           (no ring)
HPRegen 0.23/turn    (no ring)
MPRegen 0.09/turn

%: no passive effects
@: no status effects
A: no striking features
a: no special abilities


You were on level 2 of the Dungeon.
You visited 1 branch of the dungeon, and saw 2 of its levels.

You collected 53 gold pieces.


   Skills:
 - Level 1.5 Fighting
 + Level 6.9 Ranged Weapons
 - Level 2.4 Dodging
 - Level 1.2 Stealth


You had 2 spell levels left.
You didn't know any spells.
Your spell library was empty.

Inventory:

Hand Weapons
 Y - a +0 shortbow (weapon)
Armour
 b - a +0 cloak
 c - a +0 leather armour (worn)
Scrolls
 a - a scroll of immolation {unknown}
 e - a scroll of revelation {unknown}
 h - a scroll of identify
Potions
 d - a potion of berserk rage {unknown}
 f - a potion of resistance {unknown}
 g - a potion of mutation {unknown}

Dungeon Overview and Level Annotations

Branches:
Dungeon (2/15)

Altars:
Ashenzari


Message History

You shoot an arrow. The arrow hits the gnoll.
The gnoll is heavily wounded.
You shoot an arrow. The arrow hits the gnoll.
The gnoll is severely wounded.
You shoot an arrow. The arrow hits the gnoll.
The gnoll is almost dead.
You shoot an arrow. The arrow hits the gnoll.
The gnoll is almost dead.
You shoot an arrow. The arrow barely misses the gnoll.
You shoot an arrow. The arrow barely misses the gnoll.
The gnoll closely misses you.
You shoot an arrow. The arrow barely misses the gnoll.
The gnoll hits you with a +0 flail!
You shoot an arrow. The arrow hits the gnoll!
You kill the gnoll!
You start resting.
HP restored.
There is a stone staircase leading up here.
There is a stone staircase leading up here. 2 gnolls come into view.
The gnoll shouts! x2
Enter note:
Enter note: You shoot an arrow.
The arrow hits the gnoll but does no damage.
You shoot an arrow. The arrow hits the gnoll.
The gnoll is heavily wounded.
You shoot an arrow. The arrow hits the gnoll.
The gnoll is moderately wounded.
The gnoll hits you from afar with a +0 spear.
The gnoll closely misses you.
You shoot an arrow.
The arrow hits the gnoll but does no damage.
The gnoll is moderately wounded.
The gnoll hits you from afar with a +0 spear.
The gnoll hits you with a +0 club.
You shoot an arrow. The arrow barely misses the gnoll.
The gnoll hits you from afar with a +0 spear.
The gnoll hits you with a +0 club.
You die...

#############
#.<..........
#.##########. #.# #.
#######.####### #.
#.@...........# #.
##g#####.#####.####.
#.g....)............
....####...##........
####.#(..........####.
#.#.##...###...###.
..#.###.###...<.##.
###.# #............
#...# #####.....###


You could see 2 gnolls.

Vanquished Creatures
  A gnoll (D:2)
  4 ball pythons (D:1)
  4 bats (D:1)
  3 giant cockroaches (D:1)
  4 goblins
  3 hobgoblins
  4 jackals (D:1)
  3 frilled lizards (D:1)
  A kobold (D:2)
  4 rats
31 creatures vanquished.

Notes
Turn   | Place    | Note
-------+----------+-------------------------------------------
     0 | D:1      | qw the Deep Elf Hunter began the quest for the Orb.
     0 | D:1      | Reached XP level 1. HP: 12/12 MP: 3/3
     0 | D:1      | 0 ||| qw: Version: 0.3-a-9-g12657ce
     0 | D:1      | 0 ||| qw: Game counter: 4761
     0 | D:1      | 0 ||| qw: Always use a shield: true
     0 | D:1      | 0 ||| qw: God list: Okawaru
     0 | D:1      | 0 ||| qw: Allow faded altars: false
     0 | D:1      | 0 ||| qw: Do Orc after D:15 true
     0 | D:1      | 0 ||| qw: Do second Lair branch before Depths: true
     0 | D:1      | 0 ||| qw: Lair rune preference: random
     0 | D:1      | 0 ||| qw: Plans: Normal
     0 | D:1      | 0 ||| PLANNING D:1-11
   120 | D:1      | Reached XP level 2. HP: 16/16 MP: 4/4
   125 | D:1      | Reached skill level 6 in Ranged Weapons
   310 | D:1      | Reached XP level 3. HP: 7/20 MP: 5/5
   463 | D:1      | 463 ||| READING scroll labelled TATITUMAPP.
   464 | D:1      | 464 ||| READING scroll labelled LUUSHR XUAFO.
   465 | D:1      | 465 ||| READING scroll labelled KOATTU TUAHOX.
   466 | D:1      | 466 ||| DROPPING scroll of butterflies.
   499 | D:2      | Found a broken altar of Ashenzari.
   749 | D:2      | HP: 5/20 [gnoll/+0 club (6)]
   750 | D:2      | HP: 1/20 [gnoll/+0 spear (4)]
   750 | D:2      | Slain by a gnoll

Levels and vault maps discovered:
D:1:      ebering_hopf_link, layout_rooms, amcnicky_mini_corridor_feature,
          minmay_shallow_snake_nest
D:2:      layout_loops_ring, basic_altar, minmay_pentomino_t2

Skill      XL: |  1  2 |
---------------+-------+-----
Ranged Weapons | 6 |  6.9
Fighting       | |  1.5
Dodging        | |  2.4
Stealth        | |  1.2

Action                     || total
---------------------------++-------
   Fire: Shortbow          ||    89
    Use: Scroll            ||     3
 Armour: Leather armour    ||     9
  Dodge: Dodged            ||    32

Table legend:
 A = Non-vault XP
 B = Vault XP
 C = Vault XP percentage of total XP
 D = Non-vault monster count
 E = Vault monster count
 F = Vault count percentage of total count
                 A         B        C        D         E       F
            +---------+---------+-------+---------+---------+-------
      Total |      57 |       5 |   8.1 |      27 |       4 |  12.9
            +---------+---------+-------+---------+---------+-------
        D:1 |      39 |       2 |   4.9 |      24 |       2 |   7.7
        D:2 |      18 |       3 |  14.3 |       3 |       2 |  40.0
            +---------+---------+-------+---------+---------+-------
